 Dungeon Sprint DCSS version 0.28.0-45-g0d030f2227 (webtiles) character file.

Game seed: 9101081165849835228

8500000 protoss039 the Middleweight Champion (level 24, -7/249 HPs)
             Began as a Minotaur Gladiator on Apr 16, 2022.
             Was the Champion of Makhleb.
             Mangled by a meat berserker
             ... wielding a +9 battleaxe
              (28 damage)
             ... in the Dungeon (Sprint VIII: "Arena of Blood").
             The game lasted 00:03:05 (85 turns).

protoss039 the Middleweight Champion (MiGl)           Turns: 85, Time: 00:03:05

Health: -7/249     AC:  6    Str: 28    XL:     24   Next: 8%
Magic:  25/39      EV: 27    Int:  5    God:    Makhleb [******]
Gold:   0          SH:  0    Dex: 15    Spells: 47/47 levels left

rFire   . . .      SeeInvis .   j - +∞ Axe of Woe
rCold   . . .      Faith    .   (shield currently unavailable)
rNeg    . . .      Spirit   .   a - +0 leather armour
rPois   .          Reflect  .   b - +0 hat
rElec   .          Harm     .   (no cloak)
rCorr   .          Rampage  .   (no gloves)
Will    +....      NoTele   +   (no boots)
Stlth   +++++++++.              (no amulet)
HPRegen 0.51/turn               k - +200 ring of slaying
MPRegen 0.26/turn               l - +200 ring of slaying

@: no status effects
A: horns 2, retaliatory headbutt
a: Renounce Religion, Minor Destruction, Lesser Servant of Makhleb, Major
Destruction, Greater Servant of Makhleb


You were in the Dungeon.
You worshipped Makhleb.
Makhleb was exalted by your worship.
You visited 1 branch

Inventory:

Hand Weapons
 j - the +∞ Axe of Woe (weapon)
   (You found it in the Dungeon)
Missiles
 c - 3 throwing nets (quivered)
Armour
 a - a +0 leather armour (worn)
 b - a +0 hat (worn)
Jewellery
 k - a +200 ring of slaying (left hand)
 l - a +200 ring of slaying (right hand)
Scrolls
 i - a scroll of blinking
Potions
 d - a potion of curing
 e - a potion of heal wounds
 f - a potion of haste
 g - 2 potions of magic
 h - a potion of berserk rage


   Skills:
 O Level 27 Fighting
 + Level 18.5(21.0) Short Blades
 + Level 18.1(21.7) Long Blades
 O Level 27 Axes
 + Level 19.0(27) Maces & Flails
 + Level 19.0(27) Polearms
 + Level 19.0(24.6) Staves
 + Level 17.6(25.2) Slings
 + Level 18.5 Bows
 + Level 18.5 Crossbows
 O Level 27 Throwing
 O Level 27 Armour
 O Level 27 Dodging
 O Level 27 Stealth
 O Level 27 Shields
 O Level 27 Unarmed Combat
 + Level 12.4 Spellcasting
 + Level 13.4 Conjurations
 + Level 12.6 Hexes
 + Level 13.4 Summonings
 + Level 13.4 Necromancy
 + Level 13.4 Translocations
 + Level 14.5 Transmutations
 + Level 13.6 Fire Magic
 + Level 13.6 Ice Magic
 + Level 13.6 Air Magic
 + Level 14.7 Earth Magic
 + Level 13.6 Poison Magic
 O Level 27 Invocations
 + Level 16.1 Evocations


You had 47 spell levels left.
You didn't know any spells.
Your spell library was empty.

Dungeon Overview and Level Annotations

Branches:
Dungeon (1/1)

Altars:
Makhleb


Innate Abilities, Weirdness & Mutations

You have a pair of horns on your head.
You reflexively headbutt those who attack you in melee.


Message History

The fiery explosion engulfs the meat berserker!!
The fiery explosion engulfs the sculptor of flesh!!
You are engulfed in blazing flames.
* * * LOW HITPOINT WARNING * * *
You hear a howl!
You hear a shout! x3
A meat berserker comes into view. It is wielding a +9 battleaxe.
You hear a shout!
The large bag of meat is engulfed in blazing flames.
You hear a shout!
The dread calls on the powers of darkness!
The bag of meat convulses! x2; Your body is wracked with pain!
* * * LOW HITPOINT WARNING * * *
The bag of meat convulses! x2
You hear a shout!
The meat berserker rages.
You hear a shout!
Your base Polearms skill increases to level 19!
Your base Staves skill increases to level 19!
Unknown command.
Unknown command.
You open the bag of meat like a pillowcase!!!!!!
You chop the bag of meat into pieces.
You blow up the bag of meat!
Makhleb accepts your kill.
You feel better.
You are engulfed in blazing flames.
* * * LOW HITPOINT WARNING * * *
The meat berserker is engulfed in blazing flames.
You hear a shout!
A meat beast comes into view.
You hear a shout!
The sculptor of flesh is engulfed in blazing flames.
You hear a shout! x3
A bag of meat comes into view. It is wielding a +9 war axe.
The large bag of meat is engulfed in blazing flames.
You hear a shout! x2
The meat berserker rages.
You hear a shout!
The meat berserker is engulfed in blazing flames.
The meat berserker hits you with a +9 battleaxe!!
You die...

...2..... .........
#.......# z. #...
...# .. .OO###...
...###...
.M..o...###.o......
#OV...O.._..L.o....
. #@O§o)# ...
#§z§o_# .
.....#W§Ooo#o...
#.......)_°...V..
...2...W###oo...V
...###... ...###o.
.. #... ...# .
#.......# ........O


You could see an accursed, a meat beast (fast), a tyrant, 2 destroyers, 2
sculptors of flesh, a large bag of meat (inner flame), 2 dreads, 5 meat
berserkers and 9 bags of meat.

Vanquished Creatures
  2 hell beasts (D)
  6 vampire knights (D)
  21 ogres (D)
  3 two-headed ogres (D)
  2 liches (D)
  20 orcs (D)
  2 skeletal warriors (D)
56 creatures vanquished.

Notes
Turn   | Place    | Note
-------+----------+-------------------------------------------
     0 | D        | Found the +∞ Axe of Woe
     0 | D        | protoss039 the Minotaur Gladiator began the quest for the
                  | Orb.
     0 | D        | Reached XP level 1. HP: 18/18 MP: 0/0
     2 | D        | Noticed a bag of meat
     3 | D        | Noticed a bag of meat
     4 | D        | Became a worshipper of Makhleb the Destroyer
     4 | D        | Noticed a meat berserker
     4 | D        | Noticed a bag of meat
     7 | D        | Killed a meat berserker
     7 | D        | Noticed a bag of meat
     8 | D        | Reached skill level 5 in Axes
     8 | D        | Reached skill level 10 in Throwing
     8 | D        | Reached XP level 2. HP: 42/42 MP: 1/1
     8 | D        | Reached XP level 3. HP: 49/49 MP: 2/2
     8 | D        | Reached XP level 4. HP: 57/57 MP: 3/3
     8 | D        | Reached XP level 5. HP: 63/63 MP: 4/4
     8 | D        | Reached XP level 6. HP: 71/71 MP: 5/5
     8 | D        | Reached XP level 7. HP: 78/78 MP: 6/6
     8 | D        | Reached XP level 8. HP: 85/85 MP: 7/7
     8 | D        | Reached XP level 9. HP: 92/92 MP: 8/8
     8 | D        | Reached XP level 10. HP: 100/100 MP: 9/9
     8 | D        | Reached XP level 11. HP: 106/106 MP: 10/10
     9 | D        | Killed a bag of meat
     9 | D        | Reached * piety under Makhleb
     9 | D        | Killed a bag of meat
    10 | D        | Reached XP level 12. HP: 118/118 MP: 11/11
    10 | D        | Reached XP level 13. HP: 125/125 MP: 12/12
    10 | D        | Killed a bag of meat
    10 | D        | Noticed a bag of meat
    11 | D        | Reached skill level 15 in Fighting
    11 | D        | Noticed a bag of meat
    12 | D        | Noticed a bag of meat
    13 | D        | Noticed a meat berserker
    13 | D        | Noticed a meat berserker
    14 | D        | Killed a bag of meat
    14 | D        | Reached ** piety under Makhleb
    15 | D        | Killed a meat berserker
    15 | D        | Noticed a meat berserker
    15 | D        | Noticed a bag of meat
    16 | D        | Reached XP level 14. HP: 140/140 MP: 13/13
    16 | D        | Killed a bag of meat
    16 | D        | Noticed a meat berserker
    17 | D        | Reached skill level 15 in Axes
    17 | D        | Killed a meat berserker
    17 | D        | Reached *** piety under Makhleb
    17 | D        | Noticed a destroyer
    17 | D        | Noticed a bag of meat
    18 | D        | Reached skill level 27 in Dodging
    18 | D        | Reached skill level 27 in Unarmed Combat
    18 | D        | Reached XP level 15. HP: 152/152 MP: 14/14
    18 | D        | Killed a destroyer
    18 | D        | Noticed a meat berserker
    19 | D        | Reached **** piety under Makhleb
    19 | D        | Killed a meat berserker
    20 | D        | Reached skill level 27 in Axes
    20 | D        | Reached XP level 16. HP: 180/180 MP: 15/15
    20 | D        | Noticed a meat berserker
    21 | D        | Noticed a destroyer
    22 | D        | Killed a meat berserker
    23 | D        | Reached skill level 27 in Fighting
    24 | D        | Killed a meat berserker
    24 | D        | Reached ***** piety under Makhleb
    25 | D        | Reached skill level 27 in Throwing
    25 | D        | Reached XP level 17. HP: 171/191 MP: 16/16
    25 | D        | Noticed a large bag of meat
    26 | D        | Killed a meat berserker
    29 | D        | Reached skill level 5 in Long Blades
    29 | D        | Reached skill level 5 in Maces & Flails
    29 | D        | Reached skill level 5 in Polearms
    29 | D        | Reached skill level 5 in Staves
    29 | D        | Reached skill level 5 in Armour
    29 | D        | Reached skill level 5 in Shields
    30 | D        | Reached skill level 5 in Short Blades
    30 | D        | Reached skill level 5 in Slings
    30 | D        | Reached skill level 5 in Bows
    30 | D        | Reached skill level 5 in Crossbows
    32 | D        | Killed a large bag of meat
    33 | D        | Reached skill level 5 in Stealth
    33 | D        | Reached skill level 5 in Invocations
    33 | D        | Reached skill level 5 in Evocations
    35 | D        | Reached skill level 5 in Transmutations
    35 | D        | Reached skill level 5 in Earth Magic
    35 | D        | Reached XP level 18. HP: 158/200 MP: 16/23
    35 | D        | Killed a destroyer
    36 | D        | Reached skill level 5 in Conjurations
    36 | D        | Reached skill level 5 in Summonings
    36 | D        | Reached skill level 5 in Necromancy
    36 | D        | Reached skill level 5 in Translocations
    36 | D        | Reached skill level 5 in Fire Magic
    36 | D        | Reached skill level 5 in Ice Magic
    36 | D        | Reached skill level 5 in Air Magic
    36 | D        | Reached skill level 5 in Poison Magic
    37 | D        | Noticed a sculptor of flesh
    40 | D        | Killed a sculptor of flesh
    40 | D        | Reached ****** piety under Makhleb
    41 | D        | Reached skill level 5 in Spellcasting
    41 | D        | Reached skill level 5 in Hexes
    41 | D        | Noticed a large bag of meat
    41 | D        | Noticed a sculptor of flesh
    42 | D        | Noticed a meat berserker
    44 | D        | Noticed a meat berserker
    44 | D        | Noticed a destroyer
    46 | D        | Killed a meat berserker
    47 | D        | Reached skill level 10 in Long Blades
    47 | D        | Reached skill level 10 in Maces & Flails
    47 | D        | Reached skill level 10 in Polearms
    47 | D        | Reached skill level 10 in Staves
    47 | D        | Reached skill level 10 in Armour
    47 | D        | Reached skill level 10 in Shields
    47 | D        | Killed a large bag of meat
    48 | D        | Reached XP level 19. HP: 180/207 MP: 18/27
    49 | D        | Killed a meat berserker
    50 | D        | Reached skill level 10 in Short Blades
    50 | D        | Reached skill level 10 in Slings
    50 | D        | Reached skill level 10 in Bows
    50 | D        | Reached skill level 10 in Crossbows
    51 | D        | Noticed a tyrant
    51 | D        | Killed a destroyer
    51 | D        | Noticed a tyrant
    52 | D        | Reached skill level 10 in Invocations
    52 | D        | Noticed a meat berserker
    52 | D        | Noticed a meat berserker
    53 | D        | Killed a meat berserker
    53 | D        | Noticed an accursed
    54 | D        | Noticed a destroyer
    55 | D        | Noticed a tyrant
    55 | D        | Noticed a meat berserker
    56 | D        | Noticed a meat berserker
    57 | D        | Killed a meat berserker
    57 | D        | Noticed a destroyer
    59 | D        | Reached XP level 20. HP: 216/216 MP: 20/29
    59 | D        | Killed a destroyer
    59 | D        | Noticed a meat berserker
    60 | D        | Reached skill level 15 in Stealth
    60 | D        | Killed a meat berserker
    60 | D        | Noticed a meat berserker
    61 | D        | Killed a meat berserker
    62 | D        | Killed a tyrant
    63 | D        | Reached skill level 10 in Evocations
    64 | D        | Killed a tyrant
    65 | D        | Reached XP level 21. HP: 224/224 MP: 21/34
    66 | D        | Noticed a destroyer
    68 | D        | Noticed a large bag of meat
    69 | D        | Noticed a large bag of meat
    70 | D        | Reached skill level 27 in Armour
    70 | D        | Reached skill level 27 in Shields
    70 | D        | Noticed a dread
    72 | D        | Killed a destroyer
    73 | D        | Reached skill level 10 in Earth Magic
    73 | D        | Reached skill level 27 in Invocations
    73 | D        | Reached XP level 22. HP: 233/233 MP: 23/38
    75 | D        | Reached skill level 27 in Stealth
    75 | D        | Reached skill level 10 in Transmutations
    75 | D        | Killed a destroyer
    76 | D        | Reached skill level 15 in Maces & Flails
    76 | D        | Reached skill level 15 in Polearms
    76 | D        | Reached skill level 15 in Staves
    76 | D        | Reached skill level 10 in Conjurations
    76 | D        | Reached skill level 10 in Summonings
    76 | D        | Reached skill level 10 in Necromancy
    76 | D        | Reached skill level 10 in Translocations
    76 | D        | Reached skill level 10 in Fire Magic
    76 | D        | Reached skill level 10 in Ice Magic
    76 | D        | Reached skill level 10 in Air Magic
    76 | D        | Reached skill level 10 in Poison Magic
    76 | D        | Noticed a meat beast
    77 | D        | Reached skill level 10 in Hexes
    77 | D        | Noticed a destroyer
    78 | D        | Reached skill level 15 in Short Blades
    78 | D        | Reached skill level 15 in Crossbows
    78 | D        | Killed a meat beast
    78 | D        | Noticed a meat beast
    79 | D        | Reached skill level 15 in Slings
    79 | D        | Reached XP level 23. HP: 166/240 MP: 24/39
    81 | D        | Noticed a dread
    82 | D        | Noticed a destroyer
    82 | D        | Noticed a destroyer
    82 | D        | Noticed an accursed
    83 | D        | Killed a meat beast
    84 | D        | Reached XP level 24. HP: 36/249 MP: 25/39
    84 | D        | Killed a large bag of meat
    85 | D        | Noticed a meat beast
    85 | D        | Mangled by a meat berserker

Illustrated notes

Levels and vault maps discovered:
D:        meatsprint

Skill      XL: |  1  2  3  4  5  6  7  8  9 10 11 12 13 14 15 16 17 18 19 20 21 22 23 24 |
---------------+-------------------------------------------------------------------------+-----
Fighting       | 12 14 17 19 25 27 | 27.0
Axes           | 5 7 14 18 27 | 27.0
Throwing       | 10 11 13 14 19 27 | 27.0
Dodging        | 19 22 25 27 | 27.0
Unarmed Combat | 20 23 26 27 | 27.0
Short Blades   | 6 9 11 12 16 18 | 18.5
Long Blades    | 7 10 12 16 18 | 18.1
Maces & Flails | 7 10 12 13 17 19 | 19.0
Polearms       | 7 10 12 13 17 18 19 | 19.0
Staves         | 7 10 12 13 17 18 19 | 19.0
Slings         | 6 9 11 12 15 17 | 17.6
Bows           | 6 9 11 12 16 18 | 18.5
Crossbows      | 6 9 11 12 16 18 | 18.5
Armour         | 7 10 17 24 27 | 27.0
Stealth        | 5 8 13 19 26 27 | 27.0
Shields        | 7 10 17 24 27 | 27.0
Spellcasting   | 4 6 7 8 11 12 | 12.4
Conjurations   | 4 6 8 9 12 13 | 13.4
Hexes          | 4 6 7 8 11 12 | 12.6
Summonings     | 4 6 8 9 11 13 | 13.4
Necromancy     | 4 6 8 9 11 13 | 13.4
Translocations | 4 6 8 9 11 13 | 13.4
Transmutations | 5 7 8 9 13 14 | 14.5
Fire Magic     | 4 6 8 9 12 13 | 13.6
Ice Magic      | 4 6 7 8 9 12 13 | 13.6
Air Magic      | 4 6 7 8 9 12 13 | 13.6
Earth Magic    | 5 7 8 9 10 13 14 | 14.7
Poison Magic   | 4 6 7 8 9 12 13 | 13.6
Invocations    | 6 8 14 21 27 | 27.0
Evocations     | 5 8 9 10 11 14 16 | 16.1

Action                   |  1- 3 |  4- 6 |  7- 9 | 10-12 | 13-15 | 16-18 | 19-21 | 22-24 || total
-------------------------+-------+-------+-------+-------+-------+-------+-------+-------++-------
Melee: Executioner's axe |     1 |       |       |     1 |     7 |    11 |    11 |     9 ||    40
Dodge: Dodged            |     1 |       |       |     1 |     2 |       |     1 |     2 ||     7
